 Dungeon Crawl Stone Soup version 0.29-a0-321-gf1c400731a (webtiles) character file.

Game seed: 17668454701377994216

83 sammy202020 the Skirmisher (level 4, -2/37 HPs)
             Began as a Demonspawn Berserker on Apr 4, 2022.
             Was a Believer of Trog.
             Succumbed to a scorpion's poison
             ... on level 2 of the Dungeon.
             The game lasted 00:01:25 (929 turns).

sammy202020 the Skirmisher (Demonspawn Berserker)    Turns: 929, Time: 00:01:26

Health: -2/37      AC:  4    Str: 20    XL:     4   Next: 22%
Magic:  4/4        EV: 12    Int:  8    God:    Trog [**....]
Gold:   25         SH:  0    Dex: 12    Spells: 3/3 levels left

rFire   + . .      SeeInvis .   a - +0 hand axe
rCold   + . .      Faith    .   (no shield)
rNeg    . . .      Spirit   .   b - +0 animal skin
rPois   +          Reflect  .   (no helmet)
rElec   +          Harm     .   (no cloak)
rCorr   +          Rampage  .   (no gloves)
Will    .....                   (no boots)
Stlth   +.........              (no amulet)
HPRegen 0.12/turn               (no ring)
MPRegen 0.09/turn               (no ring)

@: lethally poisoned (-2 -> -15), resistant
A: hooves 1, molten scales 1
a: Renounce Religion, Berserk, Trog's Hand


You were on level 2 of the Dungeon.
You worshipped Trog.
Trog was pleased with you.
You visited 1 branch of the dungeon, and saw 2 of its levels.

You collected 25 gold pieces.

Inventory:

Hand Weapons
 a - a +0 hand axe (weapon)
 d - a +0 mace
Missiles
 i - 3 poisoned darts (quivered)
Armour
 b - a +0 animal skin (worn)
Scrolls
 h - a scroll of torment {unknown}
 l - a scroll of enchant weapon {unknown}
Potions
 c - a potion of flight {unknown}
 e - a potion of curing {unknown}
 f - a potion of heal wounds {unknown}
 g - a potion of brilliance {unknown}
 j - a potion of resistance
 k - a potion of haste {unknown}


   Skills:
 * Level 3.7 Fighting
 * Level 3.3 Axes
 * Level 2.6 Armour
 + Level 2.1 Dodging


You had 3 spell levels left.
You didn't know any spells.
Your spell library was empty.

Dungeon Overview and Level Annotations

Branches:
Dungeon (2/15)

Altars:


Innate Abilities, Weirdness & Mutations

You have large cloven feet.
You are partially covered in molten scales. (AC +2)


Message History

You are too injured to fight recklessly!
You are too injured to fight recklessly!
You are too injured to fight recklessly!
You are too injured to fight recklessly!
You are too injured to fight recklessly!
You are too injured to fight recklessly!
You are too injured to fight recklessly!
You are too injured to fight recklessly!
You are too injured to fight recklessly!
You are too injured to fight recklessly!
You are too injured to fight recklessly!
You are too injured to fight recklessly!
You are too injured to fight recklessly!
You are too injured to fight recklessly!
You are too injured to fight recklessly!
You fail to use your ability.
You feel sick. The scorpion misses you.
You hit the scorpion.
The scorpion is severely wounded.
* * * LOW HITPOINT WARNING * * *
You feel sick. The scorpion stings you.
* * * LOW HITPOINT WARNING * * *
You are lethally poisoned!
The scorpion poisons you! The scorpion closely misses you.
You hit the scorpion.
You kill the scorpion!
Trog accepts your kill.
You can now call upon Trog for regeneration and willpower.
* * * LOW HITPOINT WARNING * * *
You feel very sick.
You have reached level 3!
Your experience leads to an increase in your attributes!
Increase (S)trength, (I)ntelligence, or (D)exterity?
You feel stronger. x2
You have reached level 4!
You feel stronger.
Your demonic ancestry asserts itself...
Your feet thicken and deform.
Okay, then.
It was a potion of resistance.
You feel protected.
You die...

. .....♣ .. ....♣
#.####...♣
........♣ #.....♣
#..<..♣♣# .
#.......##♣+♣##...
###+###...........
###.@†......
#.........
#...###... #...# .
#...# #...# +...#
#...#


There were no monsters in sight!

Vanquished Creatures
  A scorpion (D:2)
  A bat (D:1)
  7 endoplasms (D:1)
  3 giant cockroaches (D:1)
  2 kobolds (D:1)
  2 quokkas (D:1)
  A ball python (D:1)
  A frilled lizard (D:1)
  4 rats (D:1)
22 creatures vanquished.

Notes
Turn   | Place    | Note
-------+----------+-------------------------------------------
     0 | D:1      | sammy202020 the Demonspawn Berserker began the quest for
                  | the Orb.
     0 | D:1      | Reached XP level 1. HP: 18/18 MP: 1/1
    94 | D:1      | Gained mutation: You are partially covered in molten
                  | scales. (AC +2) [demonic ancestry]
    94 | D:1      | Reached XP level 2. HP: 19/24 MP: 2/2
   916 | D:2      | Noticed a scorpion
   928 | D:2      | Killed a scorpion
   928 | D:2      | Reached ** piety under Trog
   928 | D:2      | HP: 1/24 [poisoned by a scorpion]
   929 | D:2      | Reached XP level 3. HP: 1/30 MP: 3/3
   929 | D:2      | Gained mutation: You have large cloven feet. [demonic
                  | ancestry]
   929 | D:2      | Reached XP level 4. HP: 1/37 MP: 4/4
   929 | D:2      | Succumbed to a scorpion's poison

Illustrated notes

Levels and vault maps discovered:
D:1:      dpeg_arrival_pond, layout_loops_ring
D:2:      layout_basic, dilly_ecumenical_altar_fadedgnrine, uniq_natasha

Skill      XL: |  1  2 |
---------------+-------+-----
Armour         | 2 |  2.6
Axes           | 3 |  3.3
Dodging        | 2 |  2.1
Fighting       | |  3.7

Action                   |  1- 3 |  4- 6 || total
-------------------------+-------+-------++-------
Melee: Hand axe          |    56 |       ||    56
Invok: Berserk           |     1 |       ||     1
  Use: Potion            |       |     1 ||     1
Armor: Animal skin       |    13 |       ||    13
Dodge: Dodged            |    36 |       ||    36

Table legend: (Time is in decaauts)
 A = Elapsed time spent in this place.
 B = Non-inter-level travel time spent in this place.
 C = Inter-level travel time spent in this place.
 D = Time resting spent in this place.
 E = Time spent auto-exploring this place.
 F = Levels seen in this place.
 G = Mean time per level.
                   A        B        C        D        E       F      G
               +--------+--------+--------+--------+--------+-----+--------+
         Total |    948 |    926 |     22 |     53 |    727 |   2 |  474.0 |
       Dungeon |    948 |    926 |     22 |     53 |    727 |   2 |  474.0 |
               +--------+--------+--------+--------+--------+-----+--------+

Top non-repeatable levels by time:
     D:1: 930 daAuts
     D:2: 17 daAuts
